 Dungeon Crawl Stone Soup version 0.29.1-15-g9cfb28693d (webtiles) character file.

Game seed: 12715161741430745143

51 Descartes the Sneak (level 3, -2/17 HPs)
             Began as a Felid Delver on Feb 26, 2023.
             Slain by a hound (6 damage)
             ... on level 4 of the Dungeon.
             The game lasted 00:01:33 (925 turns).

Descartes the Sneak (Felid Delver)                   Turns: 925, Time: 00:01:33

Health: -2/17      AC:  1    Str: 10    XL:     3   Next: 58%
Magic:  4/4        EV: 18    Int: 11    God:
Gold:   44         SH:  0    Dex: 17    Spells: 2/2 levels left
                                        Lives:  0   Deaths: 0

rFire   . . .      SeeInvis +     - Unarmed
rCold   . . .      Faith    .   (shield unavailable)
rNeg    . . .      Spirit   .   (body armour unavailable)
rPois   .          Reflect  .   (helmet unavailable)
rElec   .          Harm     .   (cloak unavailable)
rCorr   .          Rampage  .   (gloves unavailable)
Will    .....                   (boots unavailable)
Stlth   ++++......              (no amulet)
HPRegen 0.05/turn               (no ring)
MPRegen 0.09/turn               (no ring)

@: quick
A: very small, claws 1, fangs 3, see invisible, speed 1, shaggy fur 1, stealthy
paws, no weapons or thrown items, no armour, multi-lived
a: no special abilities


You were on level 4 of the Dungeon.
You visited 1 branch of the dungeon, and saw 3 of its levels.

You collected 44 gold pieces.

Inventory:

Wands
 e - a wand of digging (3)
 g - a wand of acid (9)
 j - a wand of polymorph (7)
Scrolls
 a - a scroll of fog
 b - a scroll of magic mapping
 c - a scroll of fear
 f - a scroll of acquirement {unknown}
 i - a scroll of noise {unknown}
Potions
 d - a potion of haste
 h - a potion of curing
 k - a potion of brilliance {unknown}


   Skills:
 + Level 3.4 Fighting
 + Level 3.5 Dodging
 + Level 7.1 Stealth
 + Level 2.6 Unarmed Combat


You had 2 spell levels left.
You didn't know any spells.
Your spell library was empty.

Dungeon Overview and Level Annotations

Branches:
Dungeon (5/15)
 Temple: D:4-7

Altars:
Qazlal

Annotations:
D:3 Ijyb, Terence


Innate Abilities, Weirdness & Mutations

You have sharp claws.
You have razor-sharp teeth.
You have supernaturally acute eyesight. (SInv)
You cover ground quickly. (Speed+)
You are covered in fur. (AC +1)
Your paws help you pounce on unaware monsters.
You are incapable of wielding weapons or throwing items.
You cannot wear armour.
You gain extra lives every three experience levels.


Message History

You scratch the iguana.
The iguana is heavily wounded.
The iguana completely misses you.
You closely miss the iguana.
The iguana is heavily wounded.
The iguana bites you!
Ouch! That really hurt!
* * * LOW HITPOINT WARNING * * *
You are too injured to fight recklessly!
You are too injured to fight recklessly!
You are too injured to fight recklessly!
You are too injured to fight recklessly!
You are too injured to fight recklessly!
You are too injured to fight recklessly!
You are too injured to fight recklessly!
You are too injured to fight recklessly!
You are too injured to fight recklessly!
You are too injured to fight recklessly!
You are too injured to fight recklessly!
You are too injured to fight recklessly!
You are too injured to fight recklessly!
You are too injured to fight recklessly!
Unknown command.
Okay, then.
It was a potion of curing.
You feel better. The hound bites you.
You scratch the hound. You bite the hound, but do no damage.
The hound is heavily wounded.
The hound closely misses you.
You closely miss the hound.
The hound is heavily wounded.
The hound bites you.
You closely miss the hound.
The hound is heavily wounded.
The hound bites you.
* * * LOW HITPOINT WARNING * * *
The hound closely misses you.
You scratch the hound.
The hound is severely wounded.
The hound bites you.
You die...

..B #. #......# #.
###......# #.
###........#. ####.#
##............
.....###
#..#(#.#.#.)..
#########.............
##..@hl...#.#.#.#....
##.#####.............
#.# ##.#.#.#.#.... #.#
##............ #.#
#..#.#.#.#....
#.#####..........###
#................#
###.........####.#
#.........# #.#


You could see an iguana and a hound.

Vanquished Creatures
  A jelly (D:4)
  An adder (D:4)
  A dart slug (D:5)
  3 ball pythons (D:4)
  An endoplasm (D:4)
  3 goblins (D:4)
  A hobgoblin (D:4)
11 creatures vanquished.

Notes
Turn   | Place    | Note
-------+----------+-------------------------------------------
     0 | D:5      | Descartes the Felid Delver began the quest for the Orb.
     0 | D:5      | Reached XP level 1. HP: 10/10 MP: 2/2
    49 | D:5      | Noticed a black bear
   374 | D:3      | Noticed Terence
   374 | D:3      | Noticed Ijyb
   411 | D:4      | Reached XP level 2. HP: 6/14 MP: 3/3
   880 | D:4      | Reached skill level 7 in Stealth
   880 | D:4      | Reached XP level 3. HP: 17/17 MP: 4/4
   925 | D:4      | Slain by a hound

Illustrated notes

Levels and vault maps discovered:
D:3:      layout_basic, dreamdust_ecumenical_altar_statues, uniq_terence,
          uniq_ijyb
D:4:      layout_basic, serial_co_window_serial, co_window_paths_a,
          co_window_paths_a, co_window_cross_1, co_window_corner_a,
          co_window_paths_b, co_window_broadway_c, co_window_2corner,
          co_window_broadway_a, co_window_corner_ca, co_window_sun,
          glass_columns_c, glass_columns_a, glass_columns_c,
          minmay_misc_feat_doors, lexackson_kobold_supper
D:5:      layout_rooms, overflow_temple_1_default, uniq_blork_the_orc

Skill      XL: |  1  2 |
---------------+-------+-----
Dodging        | 3 |  3.5
Stealth        | 7 |  7.1
Fighting       | |  3.4
Unarmed Combat | |  2.6

Action                   || total
-------------------------++-------
Melee: Unarmed           ||    36
       Bite              ||     1
  Use: Potion            ||     1
 Stab: Sleeping          ||     5
Armor: Skin              ||     2
Dodge: Dodged            ||    21
